 Dungeon Sprint DCSS version 0.28.0-43-g3370ac3207 (webtiles) character file.

Game seed: 7513200486583528341

58479 boopmooplesden the Executioner (level 14, -5/214 HPs)
             Began as a Minotaur Berserker on Mar 17, 2022.
             Was the Champion of Trog.
             Killed from afar by Frederick (77 damage)
             ... with an iron shot
             ... in the Dungeon (Sprint III: "The Ten Rune Challenge").
             The game lasted 00:23:41 (9849 turns).

boopmooplesden the Executioner (Minotaur Berserker) Turns: 9849, Time: 00:23:41

Health: -5/214     AC: 32    Str: 28 (30) XL:     14   Next: 1%
Magic:  13/13      EV: 12    Int:  6      God:    Trog [******]
Gold:   721        SH: 18    Dex: 19 (20) Spells: 13/13 levels left

rFire   + + .      SeeInvis +   u - +4 war axe of Jephoeto {flame, Int+2}
rCold   + + .      Faith    .   B - +1 tower shield {rF+}
rNeg    . . .      Spirit   .   z - +3 plate armour "Duushina" {rC+ Dex+7}
rPois   +          Reflect  .   E - +2 hat of the Lonely Portals {rF+ Will- Str+4}
rElec   .          Harm     .   k - +2 cloak
rCorr   .          Rampage  .   (no gloves)
Will    .....      NoTele   +   C - +2 pair of boots {Fly}
Stlth   ..........              e - amulet of the acrobat
HPRegen 0.45/turn               d - ring "Eroixtuc" {rPois Dex+2 SInv}
MPRegen 0.13/turn               I - ring of protection from cold

@: mighty, berserking, flying, studying Dodging, very quick
A: horns 2, retaliatory headbutt, deterioration 1, frail 1, screaming 1,
MP-powered wands
}: 1/10 runes: serpentine
a: Renounce Religion, Berserk, Trog's Hand, Brothers in Arms


You were in the Dungeon.
You worshipped Trog.
Trog was exalted by your worship.
You visited 1 branch You collected 2515 gold pieces.
You spent 1794 gold pieces at shops.

Inventory:

Hand Weapons
 a - a +0 hand axe
 b - the +1 quarterstaff "Fivyif" {vorpal, Str+6}
   (Trog gifted it to you in the Dungeon)

   It inflicts extra damage upon your enemies.
   Str:       It affects your strength (+6).
 j - a +3 quarterstaff of chaos
 q - a +1 long sword of holy wrath
 s - the +11 battleaxe of Equilibrium {vorpal, rPois}
   (Trog gifted it to you in the Dungeon)

   It inflicts extra damage upon your enemies.
   rPois:     It protects you from poison.
 t - a +6 antimagic executioner's axe
 u - the +4 war axe of Jephoeto (weapon) {flame, Int+2}
   (You acquired it in the Dungeon)

   It burns those it strikes, dealing additional fire damage.
   Big, fiery blades are also staple armaments of hydra-hunters.
   Int:       It affects your intelligence (+2).
 v - the +9 rapier of Chance {vorpal, +Blink rC- Dex-3 SInv}
   (Trog gifted it to you in the Dungeon)

   It inflicts extra damage upon your enemies.
   Dex:       It affects your dexterity (-3).
   rC:        It makes you vulnerable to cold.
   SInv:      It lets you see invisible.
   +Blink:    It lets you blink.
 x - a +2 hand axe of flaming
 y - the +6 hand axe "Enoeck" {vorpal, rElec rF+}
   (Trog gifted it to you in the Dungeon)

   It inflicts extra damage upon your enemies.
   rF:        It protects you from fire.
   rElec:     It insulates you from electricity.
 D - a +2 scimitar of flaming
 H - a +5 quick blade
 K - the +11 war axe of the Apocalypse {drain, rC+}
   (You found it in the Dungeon)

   A truly terrible weapon, it drains the life of any living foe it strikes.
   rC:        It protects you from cold.
Armour
 k - a +2 cloak (worn)
 z - the +3 plate armour "Duushina" (worn) {rC+ Dex+7}
   (You bought it in a shop in the Dungeon)

   Dex:       It affects your dexterity (+7).
   rC:        It protects you from cold.
 A - a +2 hat
 B - a +1 tower shield of fire resistance (worn)
 C - a +2 pair of boots of flying (worn)
 E - the +2 hat of the Lonely Portals (worn) {rF+ Will- Str+4}
   (You acquired it in the Dungeon)

   Str:       It affects your strength (+4).
   rF:        It protects you from fire.
   Will:      It decreases your willpower.
 J - +0 fire dragon scales
Jewellery
 d - the ring "Eroixtuc" (left hand) {rPois Dex+2 SInv}
   (You bought it in a shop in the Dungeon)

   [ring of see invisible]

   Dex:       It affects your dexterity (+2).
   rPois:     It protects you from poison.
   SInv:      It lets you see invisible.
 e - an amulet of the acrobat (around neck)
 I - a ring of protection from cold (right hand)
Wands
 G - a wand of flame (28)
Scrolls
 l - a scroll of immolation {unknown}
 m - 2 scrolls of identify
 o - a scroll of torment {unknown}
Potions
 c - a potion of curing
 f - 2 potions of magic
 g - a potion of berserk rage
 i - 3 potions of attraction {unknown}
 n - 4 potions of might
 p - a potion of flight {unknown}
 w - 2 potions of brilliance {unknown}
Miscellaneous
 r - a box of beasts


   Skills:
 + Level 24.3 Fighting
 + Level 6.7 Short Blades
 + Level 25.4 Axes
 + Level 13.5 Staves
 + Level 20.3 Armour
 + Level 12.6 Dodging
 + Level 3.9 Stealth
 + Level 8.6 Shields


You had 13 spell levels left.
You didn't know any spells.
Your spell library was empty.

Dungeon Overview and Level Annotations

Branches:
Dungeon (1/1)

Altars:
Cheibriados
Dithmenos
Elyvilon
Fedhas
Gozag
Hepliaklqana
Kikubaaqudgha
Makhleb
Nemelex Xobeh
Okawaru
Qazlal
Ru
Sif Muna
Trog
Uskayaw
Vehumet
Wu Jian
Xom
Yredelemnul
Zin
The Shining One
Beogh
Jiyva
Lugonu

Shops:
D :[![?:*!:=(**?::![

Annotations:
D exclusion: 3 statues, Frederick


Innate Abilities, Weirdness & Mutations

You have a pair of horns on your head.
You reflexively headbutt those who attack you in melee.
Your body sometimes deteriorates upon taking damage.
You are frail. (-10% HP)
You occasionally shout uncontrollably at your foes.
You expend magic power (3 MP) to strengthen your wands.


Message History

* * * LOW HITPOINT WARNING * * *
Your body deteriorates!
You feel clumsy. Frederick casts a spell at you. The bolt of cold hits you.
You resist.
* * * LOW HITPOINT WARNING * * *
You feel better.
You feel yourself speed up. Frederick hits you but does no damage.
Frederick misses you.
You see here a +0 short sword.
You see here a +2 rapier of draining.
You see here 2 large rocks of chaos.
Frederick barely misses you. You block Frederick's attack.
You block Frederick's attack. You block Frederick's attack.
You recover from your berserk rage.
There is an open door here.
You feel the effects of Trog's Hand fading.
Your skin stops crawling.
You feel less strong-willed.
Frederick casts a spell.
Frederick summons a servant imbued with his destructive magic!
A red film seems to cover your vision as you go berserk!
You feel yourself moving faster!
You feel mighty!
The spellforged servitor points at you and mumbles some strange words.
You block the iron shot.
You feel a strong urge to attack something.
Frederick sighs.
Frederick hits you but does no damage. Frederick blocks your attack.
Frederick is moderately wounded.
Frederick hits you but does no damage. Frederick blocks your attack.
Frederick is moderately wounded.
Frederick blocks your attack.
Frederick is moderately wounded.
You slash the spellforged servitor!
Frederick gestures at you while chanting.
The iron shot hits you!!!!
You die...

≈≈≈#...#|..#..#......#
§≈≈#...#...#..#...PP.#
≈≈≈##'###'##).#..P.P.#
≈###...†...'†.#...PP.#
##.#.#####.####......#
#..'.#.(.'.#..'......#
'..#######.'.)#......#
####.....#.####.@....#
⌠∩.#..#..#.#..#.@9...#
⌠..#.#.#.#.'..#......#
∩∩.#.....#)#..#......#
∩∩.#.....#)#..#......#
...#.#.#.'.#..#......#
'###..#..#.#).#......#
.⌠.#)....###########+#
...#######**********,*
...#,*,*,*,*,*,*,*,*,*


You could see Frederick and a spellforged servitor (summoned).

Vanquished Creatures
  Sigmund (D)
  Rupert (D)
  Gastronok (D)
  Chuck (D)
  A nagaraja (D)
  Azrael (D)
  2 dire elephants (D)
  A deep elf annihilator (D)
  A fire dragon (D)
  Josephine (D)
  5 yaktaur captains (D)
  A hydra (D)
  A naga warrior (D)
  An anaconda (D)
  2 centaur warriors (D)
  4 death yaks (D)
  4 dancing weapons (D)
  Urug (D)
  3 deep elf knights (D)
  3 death drakes (D)
  A spriggan druid (D)
  An obsidian statue (D)
  A lindwurm (D)
  A deep elf zephyrmancer (D)
  4 crystal guardians (D)
  2 deep elf pyromancers (D)
  3 ugly things (D)
  2 elephants (D)
  6 black mambas (D)
  A water nymph (shapeshifter) (D)
  A statue (D)
  A guardian serpent (D)
  2 cane toads (D)
  Edmund (D)
  A komodo dragon (D)
  An unseen horror (D)
  A rime drake (D)
  4 spriggan defenders (D)
  A queen bee (D)
  2 tyrant leeches (D)
  An orc high priest (D)
  8 blink frogs (D)
  3 slime creatures (D)
  3 wandering mushrooms (D)
  A shadow (D)
  2 spriggans (D)
  3 redbacks (D)
  A spatial vortex (D)
  2 nagas (D)
  5 water moccasins (D)
  A swamp drake (D)
  An orc warrior (D)
  A necrophage (D)
  2 fire dragon simulacra (D)
  2 centaurs (D)
  An earth elemental (D)
  7 swamp dragon skeletons (D)
  A water elemental (D)
  32 killer bees (D)
  An electric eel (D)
  5 orc priests (D)
  Crazy Yiuf (D)
  A jelly (D)
  Jessica (D)
  A wizard (D)
  3 orc wizards (D)
  A necromancer (D)
  2 polar bear simulacra (D)
  3 humans (D)
  A kobold demonologist (D)
  2 adders (D)
  7 orcs (D)
  3 rats (D)
182 creatures vanquished.

Vanquished Creatures (collateral kills)
  An orc high priest (D)
  An orc sorcerer (D)
  An orc warrior (D)
  2 orcs (D)
5 creatures vanquished.

Vanquished Creatures (others)
  A hydra (D)
  2 bushes (D)
  19 plants (D)
22 creatures vanquished.

Grand Total: 209 creatures vanquished

Notes
Turn   | Place    | Note
-------+----------+-------------------------------------------
     0 | D        | boopmooplesden the Minotaur Berserker began the quest for
                  | the Orb.
     0 | D        | Reached XP level 1. HP: 19/19 MP: 0/0
     7 | D        | Reached skill level 4 in Axes
    12 | D        | Noticed Jessica
    12 | D        | Reached ** piety under Trog
    16 | D        | Killed Jessica
    17 | D        | Reached skill level 5 in Fighting
    17 | D        | Reached skill level 5 in Axes
    17 | D        | Reached XP level 2. HP: 24/30 MP: 1/1
    99 | D        | Reached skill level 6 in Axes
    99 | D        | Reached XP level 3. HP: 37/37 MP: 2/2
   159 | D        | Noticed Crazy Yiuf
   164 | D        | Killed Crazy Yiuf
   165 | D        | Reached skill level 7 in Axes
   165 | D        | Reached XP level 4. HP: 45/45 MP: 3/3
   190 | D        | Gained mutation: You possess an exceptional clarity of
                  | mind. [potion of mutation]
   190 | D        | Gained mutation: Your muscles are strong. (Str +2) [potion
                  | of mutation]
   190 | D        | Gained mutation: You are dopey. (Int -2) [potion of
                  | mutation]
   190 | D        | Gained mutation: You expend magic power (3 MP) to
                  | strengthen your wands. [potion of mutation]
   191 | D        | Lost mutation: You are dopey. (Int -2) [potion of mutation]
   191 | D        | Lost mutation: You possess an exceptional clarity of mind.
                  | [potion of mutation]
   191 | D        | Gained mutation: You are partially covered in iridescent
                  | scales. (AC +2) [potion of mutation]
   191 | D        | Gained mutation: You have large cloven feet. [potion of
                  | mutation]
   192 | D        | Lost mutation: You have large cloven feet. [potion of
                  | mutation]
   192 | D        | Lost mutation: You expend magic power (3 MP) to strengthen
                  | your wands. [potion of mutation]
   192 | D        | Gained mutation: You are frail. (-10% HP) [potion of
                  | mutation]
   192 | D        | Gained mutation: Your mind is acute. (Int +2) [potion of
                  | mutation]
   193 | D        | Lost mutation: Your mind is acute. (Int +2) [potion of
                  | mutation]
   193 | D        | Lost mutation: You are frail. (-10% HP) [potion of
                  | mutation]
   193 | D        | Lost mutation: You are partially covered in iridescent
                  | scales. (AC +2) [potion of mutation]
   193 | D        | Gained mutation: You occasionally shout uncontrollably at
                  | your foes. [potion of mutation]
   193 | D        | Lost mutation: Your muscles are strong. (Str +2) [potion of
                  | mutation]
   193 | D        | Gained mutation: Your body sometimes deteriorates upon
                  | taking damage. [potion of mutation]
   193 | D        | Gained mutation: You expend magic power (3 MP) to
                  | strengthen your wands. [potion of mutation]
   220 | D        | Noticed a water elemental
   223 | D        | Killed a water elemental
   223 | D        | Reached *** piety under Trog
   224 | D        | Reached skill level 8 in Axes
   377 | D        | Found a shadowy altar of Dithmenos.
   377 | D        | Noticed a necrophage
   379 | D        | Killed a necrophage
   380 | D        | Reached skill level 9 in Axes
   380 | D        | Reached XP level 5. HP: 57/57 MP: 4/4
   383 | D        | Reached skill level 5 in Armour
   383 | D        | Reached skill level 5 in Dodging
   383 | D        | Found a basalt altar of Yredelemnul.
   383 | D        | Found a sacrificial altar of Ru.
   592 | D        | Found a hide-covered altar of Uskayaw.
   592 | D        | Found an iron altar of Okawaru.
   594 | D        | Found a bloodstained altar of Trog.
   594 | D        | Found an ornate altar of the Wu Jian Council.
   594 | D        | Noticed a human
   594 | D        | Noticed a human
   601 | D        | Killed a human
   602 | D        | Reached skill level 10 in Fighting
   602 | D        | Reached skill level 10 in Axes
   602 | D        | Reached XP level 6. HP: 60/67 MP: 5/5
   606 | D        | Killed a human
   606 | D        | Reached **** piety under Trog
   607 | D        | Reached skill level 11 in Axes
   607 | D        | Reached XP level 7. HP: 31/74 MP: 6/6
   790 | D        | Found a glowing silver altar of Zin.
   790 | D        | Found a glowing golden altar of the Shining One.
   790 | D        | Found a white marble altar of Elyvilon.
   790 | D        | Noticed a deep elf pyromancer
   794 | D        | Killed a deep elf pyromancer
   795 | D        | Reached skill level 12 in Axes
   795 | D        | Reached skill level 5 in Staves
   951 | D        | Found a radiant altar of Vehumet.
   953 | D        | Found a shimmering blue altar of Sif Muna.
   953 | D        | Found an ancient bone altar of Kikubaaqudgha.
   957 | D        | Reached ***** piety under Trog
   994 | D        | Noticed a shadow
   999 | D        | Killed a shadow
  1000 | D        | Reached XP level 8. HP: 86/86 MP: 7/7
  1004 | D        | Found a blossoming altar of Fedhas.
  1004 | D        | Found a stormy altar of Qazlal.
  1005 | D        | Found a snail-covered altar of Cheibriados.
  1005 | D        | Found a burning altar of Makhleb.
  1005 | D        | Found a hazy altar of Hepliaklqana.
  1005 | D        | Found a shimmering altar of Xom.
  1005 | D        | Found an opulent altar of Gozag.
  1005 | D        | Found a sparkling altar of Nemelex Xobeh.
  1005 | D        | Found a corrupted altar of Lugonu.
  1005 | D        | Found a viscous altar of Jiyva.
  1026 | D        | Reached skill level 13 in Axes
  1254 | D        | Noticed Josephine
  1261 | D        | Killed Josephine
  1261 | D        | Identified the +11 battleaxe of Equilibrium {vorpal, rPois}
                  | (Trog gifted it to you in the Dungeon)
  1261 | D        | Received a gift from Trog
  1300 | D        | Noticed an orc high priest
  1307 | D        | Killed an orc high priest
  1308 | D        | Reached skill level 14 in Axes
  1308 | D        | Reached XP level 9. HP: 72/96 MP: 8/8
  1310 | D        | Noticed an orc sorcerer
  1311 | D        | Killed an orc sorcerer
  1312 | D        | Reached skill level 15 in Fighting
  1312 | D        | Reached skill level 10 in Staves
  1312 | D        | Reached skill level 1 in Stealth
  1316 | D        | Found Vevesm's General Store.
  1318 | D        | Received a gift from Trog
  1323 | D        | Reached skill level 15 in Axes
  1324 | D        | Received a gift from Trog
  1583 | D        | Bought a scroll of magic mapping for 38 gold pieces
  1594 | D        | Noticed a deep elf zephyrmancer
  1594 | D        | Noticed a deep elf knight
  1594 | D        | Noticed a deep elf pyromancer
  1594 | D        | Noticed a deep elf knight
  1594 | D        | Noticed a deep elf knight
  1601 | D        | Killed a deep elf pyromancer
  1602 | D        | Reached skill level 10 in Dodging
  1605 | D        | Killed a deep elf knight
  1605 | D        | Received a gift from Trog
  1606 | D        | Reached XP level 10. HP: 107/107 MP: 9/9
  1609 | D        | Killed a deep elf knight
  1609 | D        | Noticed a deep elf annihilator
  1610 | D        | Reached skill level 16 in Axes
  1610 | D        | Noticed a deep elf annihilator
  1613 | D        | Noticed a deep elf death mage
  1615 | D        | Killed a deep elf zephyrmancer
  1615 | D        | Reached ****** piety under Trog
  1618 | D        | Killed a deep elf knight
  2001 | D        | Received a gift from Trog
  2010 | D        | Noticed a centaur warrior
  2013 | D        | Killed a centaur warrior
  2015 | D        | Reached skill level 17 in Axes
  2202 | D        | Received a gift from Trog
  2224 | D        | Received a gift from Trog
  2241 | D        | Received a gift from Trog
  2253 | D        | Reached XP level 11. HP: 102/117 MP: 10/10
  2257 | D        | Received a gift from Trog
  2258 | D        | Reached skill level 18 in Axes
  2342 | D        | Noticed Sigmund
  2342 | D        | Noticed Edmund
  2352 | D        | Killed Sigmund
  2352 | D        | Received a gift from Trog
  2353 | D        | Reached skill level 19 in Axes
  2353 | D        | Killed Edmund
  2587 | D        | Noticed an obsidian statue
  2613 | D        | Noticed a sixfirhy
  2613 | D        | Noticed a sixfirhy
  2615 | D        | Noticed a sixfirhy
  3007 | D        | Noticed a yaktaur captain
  3007 | D        | Noticed a yaktaur captain
  3007 | D        | Noticed a yaktaur captain
  3389 | D        | Received a gift from Trog
  3395 | D        | Reached skill level 20 in Axes
  3409 | D        | Reached skill level 10 in Armour
  3552 | D        | Noticed a lindwurm
  3556 | D        | Killed a lindwurm
  3568 | D        | Received a gift from Trog
  3569 | D        | Noticed Urug
  3572 | D        | Killed Urug
  3698 | D        | Noticed an eight-headed hydra
  3698 | D        | Noticed an eight-headed hydra
  3700 | D        | Reached skill level 21 in Axes
  3745 | D        | Received a gift from Trog
  3854 | D        | Reached XP level 12. HP: 132/132 MP: 11/11
  3854 | D        | Noticed a dire elephant
  3854 | D        | Noticed a dire elephant
  3854 | D        | Noticed Gastronok
  3864 | D        | Killed a dire elephant
  3868 | D        | Killed a dire elephant
  3874 | D        | Killed Gastronok
  3874 | D        | Identified the +9 rapier of Chance {vorpal, +Blink rC-
                  | Dex-3 SInv} (Trog gifted it to you in the Dungeon)
  3874 | D        | Received a gift from Trog
  3875 | D        | Reached skill level 22 in Axes
  4031 | D        | Noticed an azure jelly
  4031 | D        | Noticed an azure jelly
  4031 | D        | Noticed an azure jelly
  4032 | D        | Noticed an azure jelly
  4034 | D        | Noticed Rupert
  4044 | D        | Killed Rupert
  4119 | D        | Noticed a death yak
  4120 | D        | Noticed a death yak
  4123 | D        | Noticed a death yak
  4126 | D        | Noticed a death yak
  4128 | D        | Killed a death yak
  4134 | D        | Killed a death yak
  4137 | D        | Killed a death yak
  4143 | D        | Killed a death yak
  4143 | D        | Identified the +6 hand axe "Enoeck" {vorpal, rElec rF+}
                  | (Trog gifted it to you in the Dungeon)
  4143 | D        | Received a gift from Trog
  4144 | D        | Reached skill level 15 in Armour
  4150 | D        | Reached skill level 23 in Axes
  4252 | D        | Killed an eight-headed hydra
  4454 | D        | Identified the +1 quarterstaff "Fivyif" {vorpal, Str+6}
                  | (Trog gifted it to you in the Dungeon)
  4454 | D        | Received a gift from Trog
  4662 | D        | Found Naogefra's Book Shoppe.
  4662 | D        | Found Pemuybb's Antique Armour Boutique.
  4691 | D        | Found Joweente's Distillery.
  4702 | D        | Bought a fine plate armour for 476 gold pieces
  4702 | D        | Identified the +3 plate armour "Duushina" {rC+ Dex+7} (You
                  | bought it in a shop in the Dungeon)
  4702 | D        | Bought a glowing hat for 119 gold pieces
  4975 | D        | Killed an eight-headed hydra
  4975 | D        | Received a gift from Trog
  5563 | D        | Found a blossoming altar of Fedhas.
  5569 | D        | Reached XP level 13. HP: 145/145 MP: 12/12
  5595 | D        | Reached skill level 1 in Short Blades
  5610 | D        | HP: 1/145 [something (11)]
  6085 | D        | Received a gift from Trog
  6260 | D        | Received a gift from Trog
  6261 | D        | Reached skill level 24 in Axes
  6270 | D        | Noticed a nagaraja
  6289 | D        | Found Pebajyst's Antique Armour Shop.
  6289 | D        | Found Milir's Magic Scroll Shoppe.
  6291 | D        | Found Akelo's Book Boutique.
  6312 | D        | Killed a nagaraja
  6326 | D        | Bought a pair of glowing boots for 180 gold pieces
  6340 | D        | Received a gift from Trog
  6346 | D        | Got a serpentine rune of Zot
  6375 | D        | Bought a scroll of enchant armour for 90 gold pieces
  6522 | D        | Reached skill level 5 in Short Blades
  6840 | D        | Noticed Azrael
  6846 | D        | Killed Azrael
  7010 | D        | Acquired a manual of Dodging
  7014 | D        | Acquired the +2 hat of the Lonely Portals {rF+ Will- Str+4}
  7026 | D        | Acquired the +4 war axe of Jephoeto {flame, Int+2}
  7265 | D        | Noticed a deep elf annihilator
  7265 | D        | Noticed a deep elf annihilator
  7265 | D        | Noticed a deep elf death mage
  7466 | D        | Identified the amulet "Kupuh" {Faith Int+3}
  7657 | D        | Noticed a deep elf blademaster
  7759 | D        | Killed a deep elf annihilator
  8648 | D        | Gained mutation: You are frail. (-10% HP) [a neqoxec]
  8882 | D        | Received a gift from Trog
  8883 | D        | Reached skill level 1 in Shields
  9009 | D        | Found Enoosu's Assorted Antiques.
  9009 | D        | Found Cacuet's Book Shop.
  9009 | D        | Found Golial's Antique Weapon Boutique.
  9009 | D        | Found Suczel's Antique Armour Shoppe.
  9009 | D        | Found Joat's Assorted Antiques.
  9009 | D        | Found Zokh's Magic Scroll Emporium.
  9009 | D        | Found Gatux's Jewellery Shoppe.
  9009 | D        | Found Qulisire's Distillery.
  9009 | D        | Found Ublogae's Book Shop.
  9009 | D        | Found Zairr's Distillery.
  9009 | D        | Found Weaxy's Book Boutique.
  9047 | D        | Bought a scroll of enchant armour for 172 gold pieces
  9050 | D        | Bought the ring "Eroixtuc" {rPois Dex+2 SInv} for 334 gold
                  | pieces
  9051 | D        | Bought an amulet of the acrobat for 330 gold pieces
  9058 | D        | Bought a potion of heal wounds for 55 gold pieces
  9083 | D        | Paralysed by an air elemental for 1 turns
  9088 | D        | Paralysed by an air elemental for 1 turns
  9091 | D        | Paralysed by an air elemental for 1 turns
  9096 | D        | Paralysed by an air elemental for 1 turns
  9101 | D        | Paralysed by an air elemental for 1 turns
  9313 | D        | Received a gift from Trog
  9444 | D        | Noticed a fire dragon
  9452 | D        | Killed a fire dragon
  9452 | D        | Received a gift from Trog
  9465 | D        | Reached skill level 5 in Shields
  9478 | D        | Reached skill level 25 in Axes
  9518 | D        | Received a gift from Trog
  9530 | D        | Identified the +11 war axe of the Apocalypse {drain, rC+}
  9619 | D        | Noticed Chuck
  9630 | D        | Killed Chuck
  9790 | D        | Reached XP level 14. HP: 143/143 MP: 13/13
  9791 | D        | Noticed Frederick
  9806 | D        | HP: 1/143 [Frederick/+2 trident of freezing (13)]
  9849 | D        | Killed from afar by Frederick

Illustrated notes

Levels and vault maps discovered:
D:        dungeon_sprint_mu [sprint_mu_entry_forest, sprint_mu_temple_rooms,
          sprint_mu_d1_horrors, sprint_mu_d2_genie, sprint_mu_d3_branching,
          sprint_mu_orc_legion, sprint_mu_elf_gauntlet, sprint_mu_hive_nellie,
          sprint_mu_lair_fedhas, sprint_mu_vaults_butterflies,
          sprint_mu_slime_circle, sprint_mu_swamp_cave, sprint_mu_snake_twists,
          sprint_mu_blade_basic, sprint_mu_crypt_chambers,
          sprint_mu_tomb_spiral, sprint_mu_vestibule_basic,
          sprint_mu_gehenna_hellfire, sprint_mu_dis_giant,
          sprint_mu_tartarus_statrot, sprint_mu_cocytus_islands, sprint_mu_zot1]

Skill      XL: |  1  2  3  4  5  6  7  8  9 10 11 12 13 |
---------------+----------------------------------------+-----
Fighting       | 5 6 9 10 11 13 14 15 17 19 22 24 | 24.3
Axes           | 5 6 7 9 10 11 12 14 15 17 21 23 25 | 25.4
Armour         | 3 4 5 6 7 12 16 20 | 20.3
Dodging        | 3 4 6 7 9 10 11 12 | 12.6
Staves         | 2 3 6 9 11 13 | 13.5
Stealth        | 1 3 |  3.9
Short Blades   | 6 |  6.7
Shields        | 8 |  8.6

Action                   |  1- 3 |  4- 6 |  7- 9 | 10-12 | 13-15 || total
-------------------------+-------+-------+-------+-------+-------++-------
Melee: Hand axe          |    16 |       |       |       |       ||    16
       Headbutt          |     3 |     2 |     5 |    50 |    51 ||   111
       Quarterstaff      |       |    16 |    24 |       |       ||    40
       Battleaxe         |       |       |    13 |   232 |    55 ||   300
       Rapier            |       |       |       |    15 |    14 ||    29
       War axe           |       |       |       |       |   131 ||   131
Invok: Berserk           |     2 |     3 |     6 |    10 |    16 ||    37
       Brothers in Arms  |       |       |     1 |       |     1 ||     2
       Trog's Hand       |       |       |       |       |     1 ||     1
  Use: Potion            |       |     4 |       |       |    10 ||    14
       Scroll            |       |       |     1 |       |     7 ||     8
Armor: Animal skin       |     1 |     1 |     5 |     6 |       ||    13
       Plate armour      |       |       |       |   117 |   124 ||   241
Dodge: Dodged            |     5 |    12 |    20 |   134 |   116 ||   287
Block: Tower shield      |       |       |       |       |   105 ||   105
